 Dungeon Crawl Stone Soup version 0.21.1-1-g345015fe64 (webtiles) character file.

2693 Ablot the Protected (level 9, 0/102 HPs)
             Began as a Gnoll Wanderer on July 23, 2018.
             Was a Priest of Cheibriados.
             Killed from afar by an electric eel (5 damage)
             ... with a bolt of electricity
             ... on level 7 of the Dungeon.
             The game lasted 00:26:11 (5655 turns).

Ablot the Protected (Gnoll Wanderer)                Turns: 5655, Time: 00:26:12

Health: 0/102      AC: 24    Str: 23    XL:     9   Next: 65%
Magic:  15/15      EV:  2    Int: 20    God:    Cheibriados [***...]
Gold:   283        SH:  3    Dex: 22    Spells: 16/16 levels left

rFire    . . .     SeeInvis +   B - +2 dire flail (protect)
rCold    . . .     Gourm    .   (shield currently unavailable)
rNeg     + + +     Faith    .   (armour currently unavailable)
rPois    +         Spirit   .   (helmet currently unavailable)
rElec    .         Reflect  +   (cloak currently unavailable)
rCorr    .         Harm     .   (gloves currently unavailable)
MR       .....     NoTele   +   (boots currently unavailable)
Stlth    +++.......             q - +3 amulet of reflection
HPRegen  0.27/turn              Q - +2 ring of evasion
MPRegen  0.14/turn              I - ring of see invisible

@: tree-form, very slow
A: distributed training, strong nose
a: Bend Time, Temporal Distortion, Renounce Religion


You were on level 7 of the Dungeon.
You worshipped Cheibriados.
Cheibriados was most pleased with you.
You were hungry.
You were a tree.
You visited 2 branches of the dungeon, and saw 8 of its levels.

You collected 283 gold pieces.

Inventory:

Hand Weapons
 a - a +2 shortbow
 g - a +1 dagger of draining
 p - a +0 hunting sling of freezing
 x - a +0 blowgun
 y - a +1 flail of protection
 B - a +2 dire flail of protection (weapon)
Missiles
 b - 150 arrows
 i - 113 sling bullets (quivered)
 k - 49 poisoned needles
Armour
 c - a +0 pair of gloves (melded)
 D - a +0 helmet (melded)
 E - a scarf of cloud immunity (melded)
 J - a +0 crystal plate armour (melded)
Jewellery
 q - a +3 amulet of reflection (around neck)
 I - a ring of see invisible (right branch)
 K - an uncursed ring of magical power {unknown}
 N - an uncursed ring of protection from cold {unknown}
 Q - a +2 ring of evasion (left branch)
Wands
 s - a wand of flame (22)
 F - a wand of enslavement (30)
Scrolls
 d - 3 scrolls of teleportation
 j - a scroll of noise {unknown}
 l - 2 scrolls of fear {unknown}
 m - 2 scrolls of amnesia {unknown}
 n - a scroll of magic mapping {unknown}
 r - a scroll of blinking {unknown}
 t - 7 scrolls of identify {unknown}
 w - 2 scrolls of fog {unknown}
 H - a scroll of immolation {unknown}
Potions
 e - a potion of mutation {unknown}
 h - a potion of magic {unknown}
 u - a potion of haste {unknown}
 v - 4 potions of curing
 z - 2 potions of lignification
 G - a potion of heal wounds {unknown}
 L - a potion of invisibility {unknown}
 M - a potion of flight {unknown}
 P - a potion of brilliance {unknown}
Books
 A - a book of Misfortune

   Spells                             Type                      Level
   a - Confusing Touch                Hexes                        1
   b - Confuse                        Hexes                        3
   c - Gell's Gravitas                Translocation                3
   d - Petrify                        Transmutation/Earth          4
   e - Metabolic Englaciation         Hexes/Ice                    5
   f - Yara's Violent Unravelling     Hexes/Transmutation          5
 C - a book of Cantrips

   Spells                             Type                      Level
   a - Confusing Touch                Hexes                        1
   b - Animate Skeleton               Necromancy                   1
   c - Summon Small Mammal            Summoning                    1
   d - Apportation                    Translocation                1
Comestibles
 f - 12 rations


   Skills:
 + Level 5.1 Fighting
 + Level 4.3 Short Blades
 + Level 4.3 Long Blades
 + Level 4.3 Axes
 + Level 5.1 Maces & Flails
 + Level 4.3 Polearms
 + Level 4.3 Staves
 + Level 4.3 Slings
 + Level 5.1 Bows
 + Level 4.3 Crossbows
 + Level 5.1 Throwing
 + Level 11.2 Armour
 + Level 4.3 Dodging
 + Level 4.3 Stealth
 + Level 5.1 Shields
 + Level 4.3 Unarmed Combat
 + Level 4.3 Spellcasting
 + Level 3.6 Conjurations
 + Level 3.6 Hexes
 + Level 3.6 Charms
 + Level 3.6 Summonings
 + Level 3.6 Necromancy
 + Level 3.6 Translocations
 + Level 3.6 Transmutations
 + Level 3.6 Fire Magic
 + Level 3.6 Ice Magic
 + Level 3.6 Air Magic
 + Level 3.6 Earth Magic
 + Level 3.6 Poison Magic
 + Level 4.8 Invocations
 + Level 4.3 Evocations


You had 16 spell levels left.
You didn't know any spells.

Dungeon Overview and Level Annotations

Branches:
Dungeon (7/15)             Temple (1/1) D:4

Altars:
Ashenzari
Cheibriados
Dithmenos
Elyvilon
Fedhas
Gozag
Hepliaklqana
Kikubaaqudgha
Makhleb
Okawaru
Qazlal
Ru
Sif Muna
Trog
Uskayaw
Vehumet
Wu Jian
Xom
Yredelemnul
Zin
The Shining One

Shops:
D:5 :   D:6 [[}}

Annotations:
D:7 Menkaure


Innate Abilities, Weirdness & Mutations

Your experience applies equally to all skills.
((You have very sharp teeth.))
Your uncanny sense of smell can sniff out nearby items.


Message History

* * * LOW HITPOINT WARNING * * *
It was a potion of curing.
You feel better.
The electric eel shoots out a bolt of lightning at you!
The bolt of electricity hits the electric eel.
The electric eel completely resists.
The bolt of electricity hits you!
* * * LOW HITPOINT WARNING * * *
The electric eel shoots out a bolt of lightning at you!
The bolt of electricity hits the plant.
The bolt of electricity hits you!
* * * LOW HITPOINT WARNING * * *
It was a potion of lignification.
You turn into a tree.
Your scarf of cloud immunity melds into your body.
Your +0 helmet melds into your body.
Your +0 pair of gloves melds into your body.
Your +0 crystal plate armour melds into your body.
You feel vulnerable to the effects of clouds.
Your roots penetrate the ground.
The electric eel shoots out a bolt of lightning at you!
The bolt of electricity hits the electric eel.
The electric eel completely resists.
The bolt of electricity hits you!
You die...

.....##..#........<.....## #...
.........#...##########..## ##...
.........#..##...≈≈≈≈≈##..###....
.........#>##≈########≈##........
.........#.#≈##..≈..≈##.###.#....
...........#≈#....P$≈≈#.# #.#....
.........#.#≈#....P$[≈#.# #.#....
####.....#.#.#'..PP;≈≈#)# #.###..
##[....#.#..#.♣.;.;##≈###.# #..
#......#.##≈##########≈##.# #..
#......#.##≈≈# .P≈?≈##≈#.# #..
#......#.###≈# .≈P≈≈;#≈#.#
#......#.# #≈# ..≈..;#.#.# ..
#......#.# #.#+ ..P$≈;#.#.# ..
########.# #..# ..??≈##'#.# #..
##########.####.########....# #..
.(............###...........###..


You could see 3 electric eels.

Vanquished Creatures
  A troll (D:7)
  Sigmund (D:3)
  Edmund (D:5)
  Duvessa (D:4)
  2 ice beasts
  A necrophage (D:7)
  2 ogres
  4 centaurs
  A crocodile (D:7)
  2 bullfrogs (D:6)
  A gnoll sergeant (D:7)
  Dowan (D:4)
  A scorpion (D:5)
  3 howler monkeys
  A crimson imp (D:5)
  A bullfrog zombie (D:5)
  3 hounds
  2 orc wizards (D:7)
  3 orc priests
  A gnoll shaman (D:7)
  2 centaur skeletons (D:7)
  2 iguanas
  3 worker ants
  A killer bee zombie (D:5)
  A worker ant zombie (D:6)
  Robin (D:4)
  8 gnolls
  12 adders
  2 oozes
  2 adder zombies
  An adder skeleton (D:4)
  2 worms
  2 dart slugs
  5 leopard geckos
  6 orcs
  5 giant cockroaches
  15 goblins
  12 hobgoblins
  2 jackals (D:1)
  7 quokkas
  3 ball pythons
  9 bats
  5 frilled lizards
  A giant cockroach zombie (D:6)
  6 kobolds
  A quokka zombie (D:5)
  4 rats
153 creatures vanquished.

Notes
Turn   | Place    | Note
-------+----------+-------------------------------------------
     0 | D:1      | Reached skill level 10 in Armour
     0 | D:1      | Ablot the Gnoll Wanderer began the quest for the Orb.
     0 | D:1      | Ablot set off with: a +2 shortbow, 27 arrows, a +0 ring mail, a scroll of teleportation, a ration
     0 | D:1      | Reached XP level 1. HP: 17/17 MP: 1/1
   108 | D:1      | Reached XP level 2. HP: 16/23 MP: 2/2
   511 | D:1      | Reached XP level 3. HP: 22/28 MP: 3/3
  1106 | D:2      | Reached skill level 1 in Invocations
  1170 | D:2      | Reached skill level 1 in Short Blades
  1170 | D:2      | Reached skill level 1 in Long Blades
  1170 | D:2      | Reached skill level 1 in Axes
  1170 | D:2      | Reached skill level 1 in Polearms
  1170 | D:2      | Reached skill level 1 in Staves
  1170 | D:2      | Reached skill level 1 in Slings
  1170 | D:2      | Reached skill level 1 in Crossbows
  1170 | D:2      | Reached skill level 1 in Dodging
  1170 | D:2      | Reached skill level 1 in Stealth
  1170 | D:2      | Reached skill level 1 in Unarmed Combat
  1170 | D:2      | Reached skill level 1 in Spellcasting
  1170 | D:2      | Reached skill level 1 in Evocations
  1170 | D:2      | Reached XP level 4. HP: 22/34 MP: 5/5
  1264 | D:3      | Noticed Sigmund
  1318 | D:3      | Killed Sigmund
  1318 | D:3      | Reached skill level 1 in Conjurations
  1318 | D:3      | Reached skill level 1 in Hexes
  1318 | D:3      | Reached skill level 1 in Charms
  1318 | D:3      | Reached skill level 1 in Summonings
  1318 | D:3      | Reached skill level 1 in Necromancy
  1318 | D:3      | Reached skill level 1 in Translocations
  1318 | D:3      | Reached skill level 1 in Transmutations
  1318 | D:3      | Reached skill level 1 in Fire Magic
  1318 | D:3      | Reached skill level 1 in Ice Magic
  1318 | D:3      | Reached skill level 1 in Air Magic
  1318 | D:3      | Reached skill level 1 in Earth Magic
  1318 | D:3      | Reached skill level 1 in Poison Magic
  1318 | D:3      | Reached XP level 5. HP: 37/41 MP: 5/7
  1318 | D:3      | Reached XP level 6. HP: 43/47 MP: 5/8
  2544 | D:4      | Found an iron altar of Okawaru.
  2546 | D:4      | Noticed Duvessa
  2552 | D:4      | Noticed Dowan
  2589 | D:4      | Killed Duvessa
  2589 | D:4      | Reached XP level 7. HP: 19/52 MP: 10/10
  2609 | D:4      | Killed Dowan
  2932 | D:4      | Noticed Robin
  2953 | D:4      | Killed Robin
  3308 | D:4      | Found a staircase to the Ecumenical Temple.
  3314 | Temple   | Entered the Ecumenical Temple
  3348 | Temple   | Became a worshipper of Cheibriados the Contemplative
  3481 | D:5      | Entered Level 5 of the Dungeon
  3579 | D:5      | Reached XP level 8. HP: 34/60 MP: 12/12
  3585 | D:5      | Found Itiofef's Book Emporium.
  3691 | D:5      | Reached * piety under Cheibriados
  3848 | D:5      | Noticed Edmund
  3872 | D:5      | Killed Edmund
  4045 | D:6      | Found Puunko's Armour Shop.
  4143 | D:6      | Found Lankuola's Gadget Shoppe.
  4163 | D:6      | Found Wualigesch's Gadget Shop.
  4667 | D:6      | Reached ** piety under Cheibriados
  4682 | D:6      | Found Xotruk's Armour Shop.
  4918 | D:7      | Reached skill level 11 in Armour
  4918 | D:7      | Reached XP level 9. HP: 57/66 MP: 14/14
  5298 | D:7      | Noticed Menkaure
  5305 | D:7      | Reached *** piety under Cheibriados
  5307 | D:7      | Reached skill level 5 in Fighting
  5307 | D:7      | Reached skill level 5 in Maces & Flails
  5307 | D:7      | Reached skill level 5 in Bows
  5307 | D:7      | Reached skill level 5 in Throwing
  5307 | D:7      | Reached skill level 5 in Shields
  5489 | D:7      | Noticed a troll
  5506 | D:7      | Killed a troll
  5654 | D:7      | HP: 3/68 [electric eel/bolt of electricity (3)]
  5655 | D:7      | Killed from afar by an electric eel

Skill      XL: |  1  2  3  4  5  6  7  8  9 |
---------------+----------------------------+-----
Armour         | 11 | 11.2
Invocations    | 1 2 3 4 |  4.8
Short Blades   | 1 2 3 4 |  4.3
Long Blades    | 1 2 3 4 |  4.3
Axes           | 1 2 3 4 |  4.3
Polearms       | 1 2 3 4 |  4.3
Staves         | 1 2 3 4 |  4.3
Slings         | 1 2 3 4 |  4.3
Crossbows      | 1 2 3 4 |  4.3
Dodging        | 1 2 3 4 |  4.3
Stealth        | 1 2 3 4 |  4.3
Unarmed Combat | 1 2 3 4 |  4.3
Spellcasting   | 1 2 3 4 |  4.3
Evocations     | 1 2 3 4 |  4.3
Fighting       | 3 4 5 |  5.1
Maces & Flails | 3 4 5 |  5.1
Bows           | 3 4 5 |  5.1
Throwing       | 3 4 5 |  5.1
Shields        | 3 4 5 |  5.1
Conjurations   | 1 2 3 |  3.6
Hexes          | 1 2 3 |  3.6
Charms         | 1 2 3 |  3.6
Summonings     | 1 2 3 |  3.6
Necromancy     | 1 2 3 |  3.6
Translocations | 1 2 3 |  3.6
Transmutations | 1 2 3 |  3.6
Fire Magic     | 1 2 3 |  3.6
Ice Magic      | 1 2 3 |  3.6
Air Magic      | 1 2 3 |  3.6
Earth Magic    | 1 2 3 |  3.6
Poison Magic   | 1 2 3 |  3.6

Action                   |  1- 3 |  4- 6 |  7- 9 || total
-------------------------+-------+-------+-------++-------
Melee: Club              |   109 |       |       ||   109
       Unarmed           |    20 |       |       ||    20
       Bite              |    14 |    30 |    60 ||   104
       Punch             |     1 |     2 |     1 ||     4
       Whip              |    62 |   249 |       ||   311
       Flail             |       |    31 |   147 ||   178
       Dire flail        |       |       |   209 ||   209
 Fire: Shortbow          |       |       |    14 ||    14
       Blowgun           |       |       |     8 ||     8
  Use: Potion            |       |     1 |     3 ||     4
       Scroll            |       |     1 |     1 ||     2
  Eat: Chunk             |     1 |     5 |     7 ||    13
Armor: Ring mail         |    84 |       |       ||    84
       Plate armour      |    39 |   191 |   181 ||   411
       Crystal plate arm |       |       |   148 ||   148
Dodge: Dodged            |   117 |    95 |   187 ||   399
Block: Other             |       |    12 |    62 ||    74
       Reflection        |       |       |     3 ||     3
